AoeStats
← LVH.TGGO

Arabia

510463556Analyzed
2v2 RM · 2d ago on Oct 1, 2026· 39m 39s· 4 players
Game mode
Random Map
Map size
Medium (4 player)
Population
200
Speed
Normal
Resources
Standard
Victory
Conquest
Starting age
Dark Age
Ending age
Imperial Age
RankedLock teamsTeams togetherTeam positionsShared explorationLock speedFull tech treeHidden civsTurbo modeCheats
Victory
Defeat
🇦🇷 Maya · Argentina
1347
+16
1306
+17
🇺🇾 Mongols · Uruguay
1504
-23
🇦🇷 Lithuanians · Argentina
1176
-10
LVH.TGGO
0:31 Loom
9:34 Feudal Age
10:11 Double-Bit Axe
10:25 Town Watch
14:15 Fletching
17:32 Gold Mining
24:43 Castle Age
24:13 Padded Archer Armor
25:39 Bodkin Arrow
25:49 Crossbowman
35:04 Ballistics
37:52 Leather Archer Armor
39:42 Wheelbarrow
LVH| Oskar Von Arnim
6:38 Loom
9:31 Feudal Age
12:14 Double-Bit Axe
12:58 Horse Collar
27:15 Castle Age
26:20 Gold Mining
26:20 Stone Mining
27:02 Bloodlines
27:01 Scale Barding Armor
27:06 Forging
27:45 Light Cavalry
29:46 Husbandry
31:06 Chain Barding Armor
34:47 Iron Casting
36:45 Wheelbarrow
37:33 Fletching
38:57 Scale Mail Armor
DS_gatoloco
8:39 Loom
10:52 Feudal Age
11:38 Double-Bit Axe
20:45 Fletching
22:46 Bloodlines
23:18 Forging
23:36 Gold Mining
28:05 Castle Age
27:02 Scale Barding Armor
32:15 Chain Barding Armor
34:53 Iron Casting
DS_Santi
6:29 Loom
8:54 Feudal Age
11:04 Town Watch
12:38 Fletching
14:21 Double-Bit Axe
27:33 Castle Age
25:59 Gold Mining
26:43 Padded Archer Armor
27:30 Horse Collar
28:22 Bodkin Arrow
28:12 Crossbowman
31:34 Ballistics
31:34 Leather Archer Armor
32:07 Bow Saw
37:23 Gold Shaft Mining
Connection lost

Rejoining the realm…

Still unreachable

The connection could not be restored.

Session expired

The server has moved on; the page needs a fresh start.